 Dungeon Crawl Stone Soup version 0.32-a0-705-g60f233581c (webtiles) character file.

Game seed: 3576471050344563627

120 seren the Ruffian (level 5, -2/34 HPs)
             Began as an Octopode Shapeshifter on Mar 14, 2024.
             Killed by divine providence
             ... invoked by an orc priest
              (13 damage)
             ... on level 3 of the Dungeon.
             The game lasted 00:02:59 (2258 turns).

seren the Ruffian (Octopode Shapeshifter)           Turns: 2258, Time: 00:02:59

Health: -2/34      AC:  1    Str: 20    XL:     5   Next: 4%
Magic:  5/5        EV: 12    Int: 12    God:
Gold:   113        SH:  0    Dex: 13    Spells: 4/4 levels left

rFire   . .          .
                       - Unarmed
rCold   . . .        (no shield)
rNeg    . . .        (helmet currently unavailable)
rPois   +            (no amulet)
rElec   .            i - ring of flight
rCorr   .            k - +6 ring of strength
SInv    .            h - ring of poison resistance
Will    .....        (no ring)
Stlth   +++          (no ring)
HPRegen 0.25/turn    (no ring)
MPRegen 0.09/turn    (no ring)
                     (no ring)

%: no passive effects
@: beast-form, flying
A: beast (slay +2), almost no armour, amphibious, 8 rings, camouflage 1,
gelatinous body 1, (nimble swimmer 1), tentacles
a: Begin Untransformation, Convert to Beogh


You were on level 3 of the Dungeon.
You were a hulking beast.
You visited 1 branch of the dungeon, and saw 3 of its levels.

You collected 113 gold pieces.

Inventory:

Missiles
 p - 4 curare-tipped darts (quivered)
 u - 6 boomerangs
 w - 5 atropa-tipped darts
Jewellery
 h - a ring of poison resistance (on tentacle)
 i - a ring of flight (left tentacle)
 k - a +6 ring of strength (right tentacle)
Talismans
 b - a beast talisman (active)
 c - a flux talisman
Scrolls
 d - a scroll of butterflies {unknown}
 e - 7 scrolls of identify
 f - a scroll of brand weapon {unknown}
 j - a scroll of noise {unknown}
 n - a scroll of amnesia {unknown}
 o - 3 scrolls of teleportation {!r}
 q - a scroll of fog {unknown}
 t - a scroll of fear {unknown}
 y - a scroll of torment {unknown}
Potions
 a - a potion of lignification
 g - a potion of cancellation
 l - a potion of berserk rage {unknown}
 m - a potion of heal wounds {unknown}
 r - a potion of might {unknown}
 s - a potion of curing {unknown}
 v - a potion of brilliance {unknown}
 x - a potion of attraction {unknown}


   Skills:
 + Level 2.1 Fighting
 + Level 2.8 Dodging
 + Level 1.8 Stealth
 * Level 3.8 Unarmed Combat
 * Level 3.6 Shapeshifting


You had 4 spell levels left.
You didn't know any spells.
Your spell library contained the following spells:

 Spells                   Type           Power      Damage    Failure   Level
 Magic Dart               Conj           0%         1d3       32%         1
 Blink                    Tloc           0%         N/A       45%         2
 Call Imp                 Summ           0%         N/A       45%         2
 Sublimation of Blood     Necr           0%         N/A       45%         2
 Inner Flame              Hex/Fire       0%         N/A       69%         3
 Flame Wave               Conj/Fire      0%         2d4       97%         4
 Sticky Flame             Fire/Alch      0%         2d4       97%         4
 Summon Hydra             Summ           0%         N/A       100%        7


Dungeon Overview and Level Annotations

Branches:
Dungeon (3/15)

Altars:
Qazlal

Shops:
D:1 (


Innate Abilities, Weirdness & Mutations

You are a hulking beast.
Your limbs bulge with bestial killing power. (Slay +2)
You cannot wear most types of armour.
You are amphibious.
You can wear up to eight rings at the same time.
Your skin changes colour to match your surroundings (Stealth+).
Your rubbery body absorbs attacks. (AC +1, EV +1)
((You are camouflaged when in or above water. (Stealth+)))
You have tentacles for arms and can constrict up to eight enemies at once.


Message History

You see here a staff of air.
Found a scroll labelled JOYBEDGHILAO.
The helpless bat fails to defend itself.
You bludgeon the bat!
You kill the bat!
o - 3 scrolls labelled JOYBEDGHILAO (gained 1)
A goblin and an orc priest come into view.
The orc priest is wielding a +0 hand axe and wearing a +2 leather armour of cold resistance.
The goblin shouts!
You hear a shout!
You hear an angry hiss.
An orc comes into view. It is wielding a +0 flail.
The orc priest shouts!
You bludgeon the goblin!
You kill the goblin!
You hear an angry hiss.
An orc comes into view. It is wielding a +0 short sword.
The orc priest invokes the aid of Beogh against you.
Beogh smites you!
The orc moves out of view.
Things that are here:
a +0 dagger; a goblin corpse The orc priest invokes the aid of Beogh against you.
Beogh smites you!
* * * LOW HITPOINT WARNING * * *
The orc shouts!
The orc priest shouts, "Beogh offers mercy even to people such as you.
Join us and be reborn!" (press Y on the ability menu to convert to Beogh)
You bludgeon the orc!
You kill the orc!
A frilled lizard comes into view.
It was a potion of cancellation.
You feel magically purged.
Okay, then.
As you read the scroll labelled PAWACU ICLUECW, it crumbles to dust.
It is a scroll of identify.
o - 3 scrolls of teleportation You tentacle-slap the orc.
Your grab misses the orc. You squeeze the orc.
The orc is moderately wounded.
The orc hits you with a +0 short sword.
* * * LOW HITPOINT WARNING * * *
The orc priest calls down the wrath of Beogh upon you.
Beogh smites you!
You die...

.......# #.# .#.#.#.#
#.# .....|.###.#
.#.#.#..##.#####
...............#
.#.#.#.###.###.#
.......###.# #.#
.#.#.#...#.###.#####.#
.......#.#.....)hool.#
....####.#####.#######
######...# #.# #.###
#.# #.# #.# #[# #.#
#.# #.# #.# #. #.#


You could see an orc priest, an orc and a frilled lizard.

Vanquished Creatures
  A bombardier beetle (D:3)
  A hound (D:3)
  An adder (D:2)
  A dart slug (D:2)
  A ribbon worm (D:2)
  An orc (D:3)
  2 endoplasms
  2 giant cockroaches
  6 goblins
  5 hobgoblins
  4 jackals (D:2)
  3 kobolds
  A quokka (D:1)
  3 ball pythons
  5 bats
  2 frilled lizards
  7 rats
46 creatures vanquished.

Notes
Turn   | Place    | Note
-------+----------+-------------------------------------------
     0 | D:1      | seren the Octopode Shapeshifter began the quest for the
                  | Orb.
     0 | D:1      | Reached XP level 1. HP: 13/13 MP: 1/1
    93 | D:1      | Reached XP level 2. HP: 14/18 MP: 2/2
   343 | D:1      | Found a faded altar of an unknown god.
   553 | D:1      | Found Yjeumut's Weapon Emporium.
  1046 | D:2      | Reached XP level 3. HP: 23/23 MP: 3/3
  1470 | D:2      | Reached skill level 1 in Stealth
  1742 | D:3      | Reached XP level 4. HP: 23/29 MP: 4/4
  1881 | D:3      | Found a stormy altar of Qazlal.
  1971 | D:3      | Reached XP level 5. HP: 34/34 MP: 5/5
  2258 | D:3      | Killed from afar by an orc priest

Illustrated notes

Levels and vault maps discovered:
D:1:      dpeg_arrival_shelter, layout_basic,
          ebering_ecumenical_altar_sacrificial, serial_shops, shop,
          corner_web_ring, minmay_misc_feat_x, amethyst_killhole,
          amcnicky_mini_corridor_feature
D:2:      layout_basic, eino_tiny_chamber, grunt_decor_cap
D:3:      layout_loops_ring, lemuel_doored_altar, glass_columns_c

Skill      XL: |  1  2  3  4 |
---------------+-------------+-----
Stealth        | 1 |  1.8
Fighting       | 2 |  2.1
Dodging        | |  2.8
Unarmed Combat | |  3.8
Shapeshifting  | |  3.6

Action                     |  1- 3 |  4- 6 || total
---------------------------+-------+-------++-------
  Melee: Unarmed           |    60 |    15 ||    75
         Constrict         |    19 |     4 ||    23
         Tentacles         |    21 |     3 ||    24
         Punch             |     1 |     1 ||     2
    Use: Scroll            |       |     1 ||     1
         Potion            |       |     1 ||     1
   Stab: Sleeping          |    10 |     3 ||    13
 Armour: Skin              |    22 |     2 ||    24
  Dodge: Dodged            |    21 |     7 ||    28

Table legend: (Time is in decaauts)
 A = Elapsed time spent in this place.
 B = Non-inter-level travel time spent in this place.
 C = Inter-level travel time spent in this place.
 D = Time resting spent in this place.
 E = Time spent auto-exploring this place.
 F = Levels seen in this place.
 G = Mean time per level.
                   A        B        C        D        E       F      G
               +--------+--------+--------+--------+--------+-----+--------+
         Total |   2252 |   2156 |     96 |      0 |   1827 |   3 |  750.7 |
       Dungeon |   2252 |   2156 |     96 |      0 |   1827 |   3 |  750.7 |
               +--------+--------+--------+--------+--------+-----+--------+

Top non-repeatable levels by time:
     D:2: 1021 daAuts
     D:1: 705 daAuts
     D:3: 524 daAuts
